 Dungeon Crawl Stone Soup version 0.19-a0-764-g4316a4d (webtiles) character file.

121 TheGoonsmith the Magician (level 4, -1/24 HPs)
             Began as a Deep Elf Fire Elementalist on June 25, 2016.
             Succumbed to hoot's ghost's poison
             ... on level 3 of the Dungeon.
             The game lasted 00:04:10 (1835 turns).

TheGoonsmith the Magician (DEFE)                    Turns: 1835, Time: 00:04:11

Health: -1/24      AC:  4    Str:  5    XL:     4   Next: 76%
Magic:  7/12       EV: 13    Int: 32    God:
Gold:   96         SH:  0    Dex: 17    Spells: 3 memorised, 4 levels left

rFire  . . .     SeeInvis .     j - +1 whip
rCold  . . .     Gourm    .     a - +0 robe
rNeg   . . .     Faith    .     (no shield)
rPois  .         Spirit   .     (no helmet)
rElec  .         Dismiss  .     (no cloak)
rCorr  .         Reflect  .     (no gloves)
SustAt .         Harm     .     g - +1 pair of boots
MR     .....                    (no amulet)
Stlth  ++........               (no ring)
                                e - +6 ring of intelligence

@: brilliant, lethally poisoned (-1 -> -41), not resistant to hostile
enchantments, unstealthy
A: agile 1, mutation resistance 1
a: no special abilities


You were on level 3 of the Dungeon.
You were not hungry.

You visited 1 branch of the dungeon, and saw 3 of its levels.

You collected 96 gold pieces.

Inventory:

Hand Weapons
 j - a +1 whip (weapon)
Armour
 a - a +0 robe (worn)
 g - a +1 pair of boots (worn)
Magical Staves
 t - an uncursed staff of summoning
Jewellery
 e - a +6 ring of intelligence (left hand)
Scrolls
 h - a scroll of blinking
 k - a scroll of identify
 l - a scroll of remove curse
 y - a scroll of teleportation
Potions
 d - 2 potions of lignification
 p - 2 potions of might
 u - 2 potions of resistance
Books
 b - a book of Flames

   Spells                             Type                      Level
   a - Flame Tongue                   Conjuration/Fire             1
   b - Throw Flame                    Conjuration/Fire             2
   c - Conjure Flame                  Conjuration/Fire             3
   d - Inner Flame                    Hexes/Fire                   3
   e - Sticky Flame                   Conjuration/Fire             4
   f - Fireball                       Conjuration/Fire             5
Comestibles
 c - a bread ration
 i - 3 meat rations
 n - a beef jerky
 o - 3 chunks of flesh
 s - a royal jelly


   Skills:
 - Level 2.4 Dodging
 - Level 2.4 Stealth
 + Level 4.6 Spellcasting
 * Level 3.6 Conjurations
 + Level 3.8 Fire Magic


You had 4 spell levels left.
You knew the following spells:

 Your Spells              Type           Power        Failure   Level  Hunger
a - Flame Tongue          Conj/Fire      #####        1%          1    None
c - Conjure Flame         Conj/Fire      ######..     1%          3    #......
s - Sticky Flame          Conj/Fire      ######..     1%          4    ###....


Dungeon Overview and Level Annotations

Branches:
Dungeon (3/15)

Altars:

Annotations:
D:3 hoot's ghost, amateur DgWz


Innate Abilities, Weirdness & Mutations

You are agile. (Dex +2)
You are somewhat resistant to further mutation.


Message History

You are more poisoned.
Casting: Flame Tongue
Confirm with . or Enter, or press ? or * to list all spells.
Aiming: Flame Tongue
Press: ? - help, Shift-Dir - straight line, f/p - hoot's ghost
Aim: hoot's ghost, wielding a weapon of venom (severely damaged)
The flame tongue hits hoot's ghost.
Hoot's ghost is severely damaged.
* * * LOW HITPOINT WARNING * * *
You feel sick. Hoot's ghost hits you.
* * * LOW HITPOINT WARNING * * *
You are more poisoned.
Casting: Flame Tongue
Confirm with . or Enter, or press ? or * to list all spells.
Aiming: Flame Tongue
Press: ? - help, Shift-Dir - straight line, f/p - hoot's ghost
Aim: hoot's ghost, wielding a weapon of venom (severely damaged)
The flame tongue hits hoot's ghost.
Hoot's ghost is almost destroyed.
You die...

#### ,..# ###### ***#*** *#.#
#....# *,..,,,
##.#######....#############.##***
........).......@W.........>..,,,
##.################..........#***
#.#*,,,,,* #..........#*,,
#.#*,,,,,* #..........#,,,
#.#*,,,,,* #..........#,,,
*#.#*,,,,,********#...........,,,
,...,,,,,,,,,,,,,,######..#.(#,,,
*#.#*,,,,,*******,* *..#,.#,,,
,,,******** *,* *..#*,#*,,


You could see hoot's ghost.

Vanquished Creatures
  An orc priest (D:3)
  2 adders
  4 worms (D:2)
  2 dart slugs (D:1)
  A giant gecko (D:2)
  2 orcs (D:3)
  3 ball pythons
  A giant cockroach (D:1)
  4 goblins
  5 hobgoblins
  8 jackals (D:2)
  7 kobolds
  A quokka (D:2)
  4 bats
  3 giant newts
  7 rats
55 creatures vanquished.

Notes
Turn   | Place    | Note
--------------------------------------------------------------
     0 | D:1      | TheGoonsmith the Deep Elf Fire Elementalist began the quest for the Orb.
     0 | D:1      | Reached XP level 1. HP: 10/10 MP: 6/6
   243 | D:1      | Reached XP level 2. HP: 15/15 MP: 6/8
   777 | D:2      | Reached XP level 3. HP: 16/19 MP: 5/10
  1032 | D:2      | Reached skill level 4 in Spellcasting
  1367 | D:2      | Reached XP level 4. HP: 22/24 MP: 2/12
  1388 | D:2      | Learned a level 4 spell: Sticky Flame
  1392 | D:2      | Learned a level 3 spell: Conjure Flame
  1811 | D:3      | Noticed hoot's ghost (amateur DgWz)
  1817 | D:3      | Gained mutation: You are somewhat resistant to further mutation. [potion of mutation]
  1817 | D:3      | Gained mutation: You are agile. (Dex +2) [potion of mutation]
  1834 | D:3      | HP: 1/24 [hoot's ghost (3)]
  1835 | D:3      | Succumbed to hoot's ghost's poison

Vault maps used:
D:1:      lightli_arrival_farm, minmay_hexomino_f4
D:2:      nicolae_overflow_hidden_temple, minmay_misc_feat_five, minivault_26
D:3:      nicolae_overflow_crystal_walls, old_standard_altar,
          portal_sewer_entry_b, first_bread, uniq_purgy, uniq_iyjb

Skill      XL: |  1  2  3 |
---------------+----------+-----
Conjurations   | 2 3 |  3.6
Spellcasting   | 4 |  4.6
Dodging        | |  2.4
Stealth        | |  2.4
Fire Magic     | |  3.8

Action                   |  1- 3 |  4- 6 || total
-------------------------+-------+-------++-------
Melee: Unarmed           |     4 |       ||     4
       Whip              |    19 |     1 ||    20
 Cast: Flame Tongue      |    81 |    35 ||   116
  Use: Scroll            |       |    12 ||    12
       Potion            |       |     5 ||     5
  Eat: Chunk             |     1 |     2 ||     3
Armor: Robe              |    11 |     4 ||    15
Dodge: Dodged            |    40 |     8 ||    48
